 Dungeon Crawl Stone Soup version 0.17.0-28-g6e173f8 (console) character file.

72 Kloppie the Magician (level 4, -5/27 HPs)
             Began as a High Elf Ice Elementalist on Dec 2, 2015.
             Slain by a giant frog skeleton (6 damage)
             ... on level 4 of the Dungeon.
             The game lasted 00:05:04 (2625 turns).

Kloppie the Magician (High Elf Ice Elementalist)    Turns: 2625, Time: 00:05:05

Health: -5/27      AC:  4    Str:  7    XL:     4   Next: 6%
Magic:  8/10       EV: 12    Int: 20    God:
Gold:   148        SH:  0    Dex: 15    Spells: 2 memorised, 7 levels left

rFire  . . .     SeeInvis .     d - +0 dagger
rCold  . . .     Clarity  .     a - +0 robe
rNeg   . . .     SustAt   .     (no shield)
rPois  .         Gourm    .     (no helmet)
rElec  .         Spirit   .     n - +0 cloak
rCorr  .         Warding  .     g - +0 pair of gloves
rMut   .         Stasis   .     (no boots)
MR     .....                    (no amulet)
Stlth  ++........               (no ring)
                                (no ring)

@: very slightly contaminated, not resistant to hostile enchantments, unstealthy
A: no striking features
a: no special abilities


You were on level 4 of the Dungeon.
You were not hungry.

You visited 1 branch of the dungeon, and saw 4 of its levels.

You collected 148 gold pieces.

Inventory:

Hand Weapons
 d - a +0 dagger (weapon)
Armour
 a - a +0 robe (worn)
 g - a +0 pair of gloves (worn)
 n - a +0 cloak (worn)
Jewellery
 i - an uncursed ring of teleportation
 p - an uncursed ring of fire {unknown}
Scrolls
 e - a scroll of remove curse
 f - a scroll of teleportation
 h - a scroll of noise {unknown}
 j - 2 scrolls of magic mapping
 m - 4 scrolls of identify
Potions
 l - 3 potions of curing {unknown}
 q - 2 potions of beneficial mutation {unknown}
Books
 b - a book of Frost

   Spells                             Type                      Level
   a - Freeze                         Ice                          1
   b - Throw Frost                    Conjuration/Ice              2
   c - Ozocubu's Armour               Charms/Ice                   3
   d - Throw Icicle                   Conjuration/Ice              4
   e - Summon Ice Beast               Ice/Summoning                4
   f - Condensation Shield            Ice                          4
Comestibles
 c - a bread ration
 k - 2 chunks of flesh
 o - 2 meat rations


   Skills:
 - Level 2.1 Dodging
 - Level 2.1 Stealth
 + Level 3.8 Spellcasting
 + Level 2.1 Conjurations
 + Level 3.7 Ice Magic


You had 7 spell levels left.
You knew the following spells:

 Your Spells              Type           Power        Failure   Level  Hunger
a - Freeze                Ice            ###.         2%          1    None
b - Throw Frost           Conj/Ice       ###...       10%         2    ##.....


Dungeon Overview and Level Annotations

Branches:
Dungeon (4/15)
 Temple: D:4-7

Altars:

Annotations:
D:3 Musteatbrain's ghost, amateur GrEE


Message History

You barely miss the giant frog skeleton.
The giant frog skeleton hits you.
* * * LOW HITPOINT WARNING * * *
The giant frog skeleton misses you.
You hit the giant frog skeleton.
The giant frog skeleton barely misses you.
The giant frog skeleton hits you but does no damage.
The giant frog skeleton barely misses you.
You hit the giant frog skeleton. The giant frog skeleton hits you.
* * * LOW HITPOINT WARNING * * *
You hit the giant frog skeleton.
The giant frog skeleton closely misses you.
You hit the giant frog skeleton. The giant frog skeleton hits you.
* * * LOW HITPOINT WARNING * * *
The giant frog skeleton hits you.
* * * LOW HITPOINT WARNING * * *
Things that are here:
a club; 3 tomahawks; a leather armour The giant frog skeleton hits you.
You die...

)..#
..# ...
..# #.#
#.# #.#
#.# #.#
#.#.#.#
#@#.#.#
#Z# ..#
#.###.#
#.)..<#
#######


You could see a giant frog skeleton.

Vanquished Creatures
  2 adders
  A worm (D:2)
  3 giant geckos (D:2)
  3 orcs
  11 bats
  2 giant cockroaches
  6 goblins
  4 hobgoblins
  A quokka (D:2)
  2 jackals (D:2)
  5 kobolds
  4 rats
44 creatures vanquished.

Notes
Turn   | Place    | Note
--------------------------------------------------------------
     0 | D:1      | Kloppie the High Elf Ice Elementalist began the quest for the Orb.
     0 | D:1      | Reached XP level 1. HP: 11/11 MP: 4/4
   570 | D:1      | Reached XP level 2. HP: 17/17 MP: 6/6
   579 | D:1      | Learned a level 2 spell: Throw Frost
  1546 | D:2      | Reached XP level 3. HP: 16/21 MP: 2/8
  2541 | D:3      | Reached XP level 4. HP: 27/27 MP: 5/10
  2557 | D:3      | Noticed Musteatbrain's ghost (amateur GrEE)
  2621 | D:4      | HP: 1/27 [giant frog skeleton (1)]
  2625 | D:4      | Slain by a giant frog skeleton

Action                   |  1- 3 |  4- 6 || total
-------------------------+-------+-------++-------
Melee: Dagger            |    49 |    12 ||    61
 Cast: Freeze            |    40 |     5 ||    45
       Throw Frost       |    27 |     1 ||    28
  Use: Scroll            |     4 |       ||     4
 Stab: Sleeping          |     4 |       ||     4
  Eat: Chunk             |     6 |       ||     6
